 Dungeon Crawl Stone Soup version 0.30.0 (webtiles) character file.

Game seed: 1255680001771909105

5002 Eitelfritz the Carver (level 10, 0/86 HPs)
             Began as a Minotaur Gladiator on May 6, 2023.
             Killed from afar by a raiju (11 damage)
             ... with a living lightning
             ... on level 3 of the Abyss.
             The game lasted 00:23:04 (7961 turns).

Eitelfritz the Carver (Minotaur Gladiator)          Turns: 7961, Time: 00:23:05

Health: 0/86       AC: 21    Str: 21    XL:     10   Next: 29%
Magic:  9/9        EV: 14    Int:  7    God:
Gold:   333        SH:  0    Dex: 12    Spells: 9/9 levels left

rFire   . . .        a - +2 long sword (protect)
rCold   . . .        (no shield)
rNeg    . . .        G - +0 acid dragon scales
rPois   .            c - +2 hat
rElec   .            D - +0 cloak
rCorr   +            u - +0 pair of gloves
SInv    .            r - +1 pair of boots
Will    ++...        w - amulet of regeneration
Stlth   ++           q - ring of willpower
HPRegen 1.14/turn    B - ring of willpower
MPRegen 0.11/turn

%: no passive effects
@: under a protective aura
A: horns 2, retaliatory headbutt
a: no special abilities


You were on level 3 of the Abyss.
You visited 2 branches of the dungeon, and saw 9 of its levels.
You visited the Abyss 1 time.
You also visited: Sewer.

You collected 485 gold pieces.
You spent 152 gold pieces at shops.

Inventory:

Hand Weapons
 a - a +2 long sword of protection (weapon)
 b - a +0 shortbow
 v - a +0 morningstar
 y - a +1 flail of holy wrath
Missiles
 i - a silver javelin (quivered)
 j - 15 poisoned darts
 l - a curare-tipped dart
Armour
 c - a +2 hat (worn)
 r - a +1 pair of boots (worn)
 u - a +0 pair of gloves (worn)
 C - a +2 leather armour of fire resistance
 D - a +0 cloak (worn)
 G - +0 acid dragon scales (worn)
Jewellery
 q - a ring of willpower (left hand)
 s - an amulet of faith
 w - an amulet of regeneration (around neck)
 x - an amulet of the acrobat
 B - a ring of willpower (right hand)
Wands
 z - a wand of mindburst (23)
 E - a wand of flame (33)
 F - a wand of polymorph (9)
 L - a wand of acid (9)
Scrolls
 h - a scroll of fear
 n - 4 scrolls of fog
 t - a scroll of teleportation
 A - 2 scrolls of blinking
 J - a scroll of magic mapping
 K - a scroll of amnesia {unknown}
 N - a scroll of immolation {unknown}
Potions
 f - 6 potions of curing
 g - a potion of heal wounds
 k - 5 potions of mutation
 m - 5 potions of lignification
 o - 4 potions of haste
 p - 2 potions of resistance
 H - a potion of brilliance
 I - 2 potions of flight


   Skills:
 + Level 7.5 Fighting
 + Level 12.3 Long Blades
 + Level 3.4 Ranged Weapons
 + Level 2.6 Throwing
 + Level 6.0 Armour
 + Level 7.8 Dodging
 + Level 3.2 Stealth


You had 9 spell levels left.
You didn't know any spells.
Your spell library contained the following spells:

 Spells                   Type           Power      Damage    Failure   Level
 Shock                    Conj/Air       0%         1d3       50%         1
 Call Imp                 Summ           0%         N/A       65%         2
 Hailstorm                Conj/Ice       0%         3d3       86%         3
 Swiftness                Air            0%         N/A       86%         3
 Airstrike                Air            0%         2d(0-16)  99%         4
 Animate Armour           Summ/Erth      0%         N/A       99%         4
 Ice Form                 Ice/Tmut       0%         N/A       99%         4
 Summon Mana Viper        Hex/Summ       0%         N/A       100%        5
 Simulacrum               Ice/Necr       0%         N/A       100%        6
 Haunt                    Necr/Summ      0%         N/A       100%        7


Dungeon Overview and Level Annotations

Branches:
Dungeon (8/15)             Temple (1/1) D:5           Sewer (visited)
   Lair: D:8-11

Altars:
Ashenzari
Cheibriados
Dithmenos
Fedhas
Gozag
Hepliaklqana
Kikubaaqudgha
Makhleb
Nemelex Xobeh
Okawaru
Qazlal
Ru
Sif Muna
Uskayaw
Vehumet
Wu Jian
Xom
Yredelemnul
Zin
The Shining One

Shops:
D:4 ?!=*([[?

Annotations:
D:8 Grum


Innate Abilities, Weirdness & Mutations

You have a pair of horns on your head.
You reflexively headbutt those who attack you in melee.


Message History

* * * LOW HITPOINT WARNING * * *
The raiju blinks! x4
You barely miss the raiju. Your headbutt misses the raiju.
The raiju bites you but does no damage.
You hit the raiju but do no damage.
Your weapon exudes an aura of protection.
Your headbutt misses the raiju. The raiju barely misses you.
The raiju completely misses you.
You slash the raiju!
The raiju is moderately wounded.
The raiju bites you but does no damage. The raiju barely misses you.
You furiously retaliate!
You headbutt the raiju! You barely miss the raiju.
The raiju is heavily wounded.
The raiju bites you but does no damage.
Tentacles burst from the starspawn's body!
The raiju bites you but does no damage. 2 starspawn tentacles come into view.
You barely miss the raiju.
You headbutt the raiju, but do no damage.
The raiju is heavily wounded.
The raiju bites you but does no damage.
You hit the raiju.
The raiju is severely wounded.
The raiju barely misses you. You furiously retaliate!
You headbutt the raiju. The raiju bites you but does no damage.
The raiju bites you.
* * * LOW HITPOINT WARNING * * *
The raiju shocks you!
* * * LOW HITPOINT WARNING * * *
Unknown command.
The raiju attacks as you move away! The raiju completely misses you.
The raiju attacks as you move away! The raiju bites you but does no damage.
The raiju attacks as you move away! The raiju misses you.
You furiously retaliate!
You headbutt the raiju. The raiju misses you.
The raiju attacks as you move away! The raiju bites you but does no damage.
The raiju closely misses you.
The raiju bursts into living lightning!
The living lightning misses the raiju.
The living lightning hits the raiju.
The raiju completely resists.
The living lightning hits you!
You die...

..
⌠∩⌠⌠⌠h..........
.
≈≈X~~###........
. ≈≈≈ #ww......
.. ≈ ##X.......
. #..... ... .
#hh###.... .##
##.h######. .
#⌠.h...## ##
####@...#. .
#⌠..###...# . #
###..# ..## #
#⌠....# # # # φ
# ####...# . #⌠
### ⌠ ....#. ..
. .# . ...
#.##..... . .. .
....# #..# # .
#### #.#...#


You could see a tentacled starspawn, 4 raiju and a starspawn tentacle.

Vanquished Creatures
  Pikel (D:3)
  A cane toad (shapeshifter) (D:8)
  Maggie (D:6)
  Grinder (D:6)
  Menkaure (D:4)
  Edmund (D:5)
  2 water moccasins
  2 ice beasts (D:7)
  2 orc warriors
  3 wolves
  3 centaurs
  A phantom (D:5)
  A lemure (D:3)
  Blork the orc (D:5)
  A kobold brigand (D:8)
  7 bullfrogs
  2 scorpions (D:5)
  6 wights
  5 killer bees
  Crazy Yiuf (D:5)
  2 jellies
  2 hounds
  A small abomination (Abyss:3)
  3 orc priests
  A gnoll bouda (D:8)
  A sleepcap (D:7)
  2 iguanas
  9 orc wizards
  A hell rat (D:7)
  Robin (D:4)
  18 gnolls
  14 adders
  6 river rats (D:7)
  4 white imps
  An ufetubus (Abyss:2)
  5 dart slugs
  32 orcs
  7 ball pythons
  5 endoplasms
  8 giant cockroaches
  17 goblins
  9 hobgoblins
  13 jackals
  10 quokkas
  5 bats
  14 frilled lizards
  10 kobolds
  21 rats
265 creatures vanquished.

Vanquished Creatures (others)
  An orc wizard (D:5)
  4 fungi (D:5)
5 creatures vanquished.

Grand Total: 270 creatures vanquished

Notes
Turn   | Place    | Note
-------+----------+-------------------------------------------
     0 | D:1      | Eitelfritz the Minotaur Gladiator began the quest for the
                  | Orb.
     0 | D:1      | Reached XP level 1. HP: 18/18 MP: 0/0
   115 | D:1      | Reached skill level 4 in Long Blades
   117 | D:1      | Reached XP level 2. HP: 25/25 MP: 1/1
   692 | D:1      | Got Sif Muna's Monograph on Bringing Forth
   827 | D:2      | Reached skill level 1 in Armour
   827 | D:2      | Reached XP level 3. HP: 30/30 MP: 2/2
  1086 | D:2      | Found a snail-covered altar of Cheibriados.
  1215 | D:2      | Reached XP level 4. HP: 22/37 MP: 3/3
  1229 | D:2      | Reached skill level 5 in Long Blades
  1640 | D:2      | Found a faded altar of an unknown god.
  1687 | D:3      | Found a glowing drain.
  1734 | Sewer    | Entered a sewer
  1790 | Sewer    | Reached XP level 5. HP: 44/45 MP: 4/4
  2480 | D:3      | Found an iron altar of Okawaru.
  2748 | D:3      | Found a burning altar of Makhleb.
  2817 | D:3      | Reached XP level 6. HP: 42/51 MP: 5/5
  2884 | D:3      | Reached skill level 6 in Long Blades
  3183 | D:4      | Found Ylli's Armour Emporium.
  3183 | D:4      | Found Pynemm's Antique Weapon Shoppe.
  3185 | D:4      | Found Otedull's Assorted Antiques.
  3199 | D:4      | Bought 2 amethyst potions for 36 gold pieces
  3199 | D:4      | Bought a fuming pink potion for 18 gold pieces
  3199 | D:4      | Bought a scroll labelled XIPNULESTUNO for 20 gold pieces
  3245 | D:4      | Noticed Menkaure
  3275 | D:4      | Killed Menkaure
  3335 | D:4      | Found Mikhovuth's Magic Scroll Boutique.
  3350 | D:4      | Reached skill level 7 in Long Blades
  3350 | D:4      | Reached skill level 5 in Dodging
  3350 | D:4      | Reached XP level 7. HP: 43/58 MP: 6/6
  3365 | D:4      | Found Vomebburi's Antique Armour Shop.
  3368 | D:4      | Bought a scroll of identify for 26 gold pieces
  3368 | D:4      | Bought a scroll of noise for 13 gold pieces
  3368 | D:4      | Bought a scroll of identify for 26 gold pieces
  3401 | D:4      | Noticed Pikel
  3449 | D:3      | Killed Pikel
  3450 | D:3      | Reached skill level 8 in Long Blades
  3450 | D:3      | Reached skill level 1 in Stealth
  3486 | D:4      | Reached XP level 8. HP: 67/67 MP: 7/7
  3668 | D:5      | Entered Level 5 of the Dungeon
  3734 | D:5      | Noticed Blork the orc
  3768 | D:5      | Killed Blork the orc
  3850 | D:4      | Found Kumyham's Distillery.
  3861 | D:4      | Noticed Robin
  3862 | D:4      | Found Dunuucw's Magic Scroll Shop.
  3867 | D:4      | Killed Robin
  3868 | D:4      | Reached skill level 9 in Long Blades
  3880 | D:4      | Bought a potion of degeneration for 13 gold pieces
  3940 | D:4      | Found Veuweor's Jewellery Emporium.
  4421 | D:5      | Found a staircase to the Ecumenical Temple.
  4482 | D:5      | Noticed Edmund
  4496 | D:5      | Killed Edmund
  4497 | D:5      | Reached skill level 5 in Fighting
  4621 | D:5      | Found a shimmering blue altar of Sif Muna.
  4727 | D:5      | Reached skill level 1 in Ranged Weapons
  4778 | D:5      | Reached skill level 10 in Long Blades
  4930 | D:5      | Found a runed translucent door.
  4931 | D:5      | Noticed Crazy Yiuf
  4943 | D:5      | HP: 3/66 [Crazy Yiuf/+3 quarterstaff of chaos (6)]
  4948 | D:5      | Killed Crazy Yiuf
  5024 | D:6      | Found a blossoming altar of Fedhas.
  5061 | D:6      | Noticed Grinder
  5077 | D:6      | Killed Grinder
  5078 | D:6      | Reached XP level 9. HP: 74/74 MP: 8/8
  5249 | D:6      | Noticed Maggie
  5269 | D:6      | Killed Maggie
  5270 | D:6      | Reached skill level 5 in Armour
  5936 | D:7      | Reached skill level 11 in Long Blades
  6613 | Temple   | Entered the Ecumenical Temple
  6841 | D:8      | a shapeshifter changed into a cane toad
  6841 | D:8      | Noticed a cane toad (shapeshifter)
  6861 | D:8      | Killed a cane toad
  6862 | D:8      | Reached XP level 10. HP: 86/86 MP: 9/9
  6932 | D:8      | Reached skill level 12 in Long Blades
  6947 | D:8      | Noticed Grum
  7843 | Abyss:2  | Cast into level 2 of the Abyss (Grum)
  7890 | Abyss:2  | Noticed a large abomination
  7894 | Abyss:2  | Noticed a wretched star
  7896 | Abyss:3  | Noticed a thrashing horror
  7946 | Abyss:3  | Noticed a kraken
  7946 | Abyss:3  | Noticed a tentacled starspawn
  7961 | Abyss:3  | Killed from afar by a raiju

Illustrated notes

Levels and vault maps discovered:
D:1:      kennysheep_arrival_seaside, layout_loops_ring, dk_noncrumbling_3
D:2:      layout_basic, hellmonk_ecumenical_altar_inner_sanctum, basic_altar,
          glass_columns_c
D:3:      layout_basic, mainiacjoe_overflow_catwalk, lightli_temple_of_fire,
          portal_sewer_entry_a, nicolae_titane
D:4:      layout_basic, serial_shops, shop, nicolae_shop_stone, shop, shop,
          nicolae_lakefront_shop, hangedman_glass_teeth,
          nicolae_wooded_promenade, uniq_pikel, uniq_robin, uniq_menkaure
D:5:      layout_gridville, led_sif_book, minmay_temple_entry_hall, uniq_edmund,
          uniq_blork_the_orc, uniq_crazy_yiuf_cottage
D:6:      layout_cave_pools, fedhas_altar_3, serial_rivers,
          chequers_serial_rivers_small_b, chequers_serial_rivers_small_a,
          chequers_serial_rivers_micro_d, chequers_serial_rivers_room_a,
          chequers_serial_rivers_marsh, chequers_serial_rivers_marsh,
          uniq_maggie, uniq_grinder
D:7:      lemuel_ratsnest, layout_basic, minivault_22
D:8:      kennysheep_spiral_hall, layout_basic, uniq_grum
Temple:   nicolae_temple_superstar
Abyss:3:  base: Temple, abyss_furniture_001, hangedman_stitches_earthworm,
          spicy_abyss_rude_harpoons,
          evilmike_nicolae_abyss_rune_betentacled_crabyss, evilmike_abyss_exit_6

Skill      XL: |  1  2  3  4  5  6  7  8  9 10 |
---------------+-------------------------------+-----
Long Blades    | 4 5 7 8 10 11 12 | 12.3
Armour         | 1 2 3 4 5 6 |  6.0
Fighting       | 3 4 5 7 |  7.5
Dodging        | 4 5 6 7 |  7.8
Stealth        | 1 2 3 |  3.2
Ranged Weapons | 2 3 |  3.4
Throwing       | |  2.6

Action                     |  1- 3 |  4- 6 |  7- 9 | 10-12 || total
---------------------------+-------+-------+-------+-------++-------
  Melee: Long sword        |    67 |   156 |   422 |    83 ||   728
         Headbutt          |     7 |    25 |    91 |    19 ||   142
         Punch             |     1 |     3 |     4 |       ||     8
   Fire: Shortbow          |       |       |    24 |     2 ||    26
  Throw: Throwing net      |       |     1 |     3 |     1 ||     5
         Javelin           |       |       |       |     2 ||     2
    Use: Potion            |       |     1 |     4 |       ||     5
         Scroll            |       |     9 |     8 |     2 ||    19
   Stab: Held in net/web   |       |     1 |     1 |       ||     2
         Sleeping          |       |       |     2 |     1 ||     3
         Distracted        |       |       |     2 |       ||     2
 Armour: Leather armour    |    14 |    63 |   102 |       ||   179
         Acid dragon scale |       |       |    50 |    63 ||   113
  Dodge: Dodged            |    56 |   120 |   240 |   104 ||   520
